 Dungeon Crawl Stone Soup version 0.24-a0-521-g122614bf49 (webtiles) character file.

Game seed: 16759009227260668490

9314 vurker the Grappler (level 11, 0/109 HPs)
             Began as a Troll Hunter on July 28, 2019.
             Slain by a wyvern (15 damage)
             ... on level 11 of the Dungeon.
             The game lasted 00:19:21 (9415 turns).

vurker the Grappler (Troll Hunter)                  Turns: 9415, Time: 00:19:22

Health: 0/109      AC:  8    Str: 25    XL:     11   Next: 21%
Magic:  10/12      EV:  7    Int:  7    God:
Gold:   276        SH: 11    Dex:  8    Spells: 10/10 levels left

rFire    + . .     SeeInvis .     - Unarmed
rCold    . . .     Gourm    +   m - +0 shield (curse)
rNeg     . . .     Faith    .   A - +1 robe {MR+}
rPois    .         Spirit   .   (helmet restricted)
rElec    .         Reflect  +   c - +0 cloak
rCorr    .         Harm     .   (gloves unavailable)
MR       ++...                  (boots unavailable)
Stlth    +.........             o - +3 amulet of reflection
HPRegen  0.68/turn              x - ring of protection from magic
MPRegen  0.13/turn              s - ring of protection from fire

@: marked
A: large, unfitting armour, claws 3, clumsy 1, fast metabolism 3, gourmand,
mutation resistance 1, regeneration 1, shaggy fur 1, tough skin 3, MP-powered
wands
a: no special abilities


You were on level 11 of the Dungeon.
You were completely stuffed.

You visited 2 branches of the dungeon, and saw 12 of its levels.

You collected 630 gold pieces.
You spent 354 gold pieces at shops.

Inventory:

Missiles
 D - 5 javelins (quivered)
 F - 4 throwing nets
Armour
 c - a +0 cloak (worn)
   (You took it off Maurice on level 9 of the Dungeon)
 m - a cursed +0 shield (worn)
   (You found it on level 8 of the Dungeon)
 A - a +1 robe of magic resistance (worn)
   (You bought it in a shop on level 6 of the Dungeon)
Jewellery
 o - a +3 amulet of reflection (around neck)
   (You found it on level 1 of the Dungeon)
 s - a ring of protection from fire (right claw)
   (You found it on level 4 of the Dungeon)
 x - a ring of protection from magic (left claw)
   (You took it off an orc wizard on level 6 of the Dungeon)
Wands
 d - a wand of iceblast (7)
   (You took it off an orc warrior on level 6 of the Dungeon)
 f - a wand of enslavement (19)
   (You bought it in a shop on level 6 of the Dungeon)
 l - a wand of clouds (1)
   (You took it off Maurice on level 9 of the Dungeon)
 t - a wand of flame (12)
   (You took it off Blork the orc on level 6 of the Dungeon)
Scrolls
 h - a scroll of identify
 r - 4 scrolls of enchant weapon
 w - a scroll of remove curse
 y - 4 scrolls of teleportation
 E - 2 scrolls of fog
Potions
 a - 3 potions of flight
 b - 2 potions of resistance
 g - a potion of berserk rage {unknown}
 i - 3 potions of curing
 j - 2 potions of magic
 k - 2 potions of haste
 n - a potion of ambrosia {unknown}
 p - 4 potions of brilliance
 q - 4 potions of mutation
 u - 2 potions of lignification
 v - 2 potions of agility
 z - 4 potions of heal wounds
 B - a potion of cancellation {unknown}
Comestibles
 e - 16 rations
 C - 2 chunks of flesh


   Skills:
 + Level 7.1 Fighting
 + Level 8.5 Throwing
 - Level 1.5 Dodging
 - Level 0.3 Stealth
 + Level 2.8 Shields
 * Level 11.5 Unarmed Combat
 + Level 3.3 Evocations


You had 10 spell levels left.
You didn't know any spells.
Your spell library contained the following spells:

 Spells                   Type           Power        Failure   Level  Hunger
 Beastly Appendage        Tmut           #.....       86%         1    ##.....
 Sticks to Snakes         Tmut           #.......     95%         2    ###....
 Spider Form              Tmut/Pois      #.........   99%         3    ####...
 Ice Form                 Ice/Tmut       #.......     100%        4    #####..
 Blade Hands              Tmut           #.........   100%        5    ######.


Dungeon Overview and Level Annotations

Branches:
Dungeon (11/15)            Temple (1/1) D:4            Lair (0/6) D:11
    Orc: D:9-12

Altars:
Ashenzari
Cheibriados
Dithmenos
Elyvilon
Fedhas
Gozag
Hepliaklqana
Kikubaaqudgha
Makhleb
Nemelex Xobeh
Okawaru
Qazlal
Ru
Sif Muna
Trog
Uskayaw
Vehumet
Wu Jian
Xom
Yredelemnul
Zin
The Shining One

Shops:
D:6 **:[%   D:10 [

Annotations:
D:9 1 runed translucent door


Innate Abilities, Weirdness & Mutations

You are too large for most types of armour.
You have claws for hands.
Your metabolism is lightning-fast.
You like to eat raw meat.
Your natural rate of healing is unusually fast.
You are covered in fur. (AC +1)
You have extremely tough skin. (AC +3)
You are clumsy. (Dex -2)
You are somewhat resistant to further mutation.
You expend magic power (3 MP) to strengthen your wands.


Message History

The adder looks even sicker.
The adder bites you.
* * * LOW HITPOINT WARNING * * *
The manticore is engulfed in poison gas.
The manticore looks even sicker.
The manticore barely misses you.
The manticore claws you but does no damage.
The manticore completely misses you.
The adder is engulfed in poison gas.
The adder looks even sicker.
The adder bites you but does no damage.
Throwing (i - inventory. (/) - cycle)
G - 3 large rocks (quivered)
Aim: a manticore (poison gas, moderately wounded, poisoned)
You throw a large rock.
The large rock barely misses the manticore.
The adder is engulfed in poison gas.
The adder looks as sick as possible!
You kill the adder!
The wyvern is engulfed in poison gas.
The wyvern is poisoned.
The manticore is engulfed in poison gas.
The manticore looks even sicker.
You block the manticore's attack. x2
The manticore completely misses you.
Throwing (i - inventory. (/) - cycle)
G - 2 large rocks (quivered)
Aim: a manticore (poison gas, moderately wounded, poisoned)
You throw a large rock. The large rock hits the manticore!!
You kill the manticore!
The wyvern is engulfed in poison gas.
The wyvern looks even sicker.
The centaur shoots an arrow.
You reflect the arrow off an invisible shield around you!
The arrow hits the centaur!
The wyvern is engulfed in poison gas.
The wyvern looks even sicker.
The wyvern is engulfed in poison gas.
The wyvern looks as sick as possible!
The wyvern bites you!
* * * LOW HITPOINT WARNING * * *
Throwing (i - inventory. (/) - cycle)
G - a large rock (quivered)
Aim: a two-headed ogre, wielding a +0 dire flail and a +0 giant spiked club You throw a large rock.
The large rock barely misses the two-headed ogre.
The wyvern looks as sick as possible!
The wyvern bites you.
* * * LOW HITPOINT WARNING * * *
The centaur is engulfed in poison gas.
The centaur is poisoned.
The wyvern looks as sick as possible!
The wyvern bites you but does no damage.
The centaur is engulfed in poison gas.
The centaur looks even sicker.
You kill the centaur!
Throwing (i - inventory. (/) - cycle)
D - 6 javelins (quivered)
Aim: a two-headed ogre, wielding a +0 dire flail and a +0 giant spiked club You throw a javelin.
The javelin barely misses the two-headed ogre.
The wyvern is engulfed in poison gas.
The wyvern looks as sick as possible!
The wyvern bites you!!
* * * LOW HITPOINT WARNING * * *
The centaur is engulfed in poison gas.
The centaur is poisoned.
The wyvern is engulfed in poison gas.
The wyvern looks as sick as possible!
The wyvern bites you!
You die...

#........ #........
#........ #####'###
#...# #.### #######
###'####
.......#########......#
......§@....O(##......#
....§§l######.(#......##
...§§§§ ##.'......'.
...§c§. ###.>....##
...§§§. ###+#####
####(## # cc #.#


You could see a two-headed ogre, a wyvern and 3 centaurs.

Vanquished Creatures
  Harold (D:7)
  2 two-headed ogres
  Pikel (D:6)
  A manticore (D:11)
  Maurice (D:9)
  A gargoyle (D:11)
  Grinder (D:6)
  Prince Ribbit (D:7)
  3 hippogriffs
  A spriggan (D:6)
  Eustachio (D:6)
  Grum (D:8)
  A steam dragon (D:11)
  Duvessa (D:7)
  4 orc warriors
  A sky beast (D:8)
  An eye of draining (D:9)
  5 ice beasts
  3 slaves (D:6)
  A necrophage (D:6)
  A phantom (D:5)
  3 ogres
  4 centaurs
  3 wolves (D:8)
  Blork the orc (D:6)
  5 bullfrogs
  Dowan (D:7)
  A scorpion (D:7)
  6 howler monkeys
  2 crimson imps
  2 centaur zombies
  2 bullfrog zombies
  A quasit (D:10)
  3 hounds
  A jelly (D:6)
  4 orc priests
  3 iguanas
  10 orc wizards
  7 worker ants
  2 hound skeletons (D:9)
  2 howler monkey zombies
  2 gnolls (D:7)
  9 adders
  3 shadow imps (D:9)
  An adder zombie (D:9)
  4 worms
  A dart slug (D:1)
  8 leopard geckos
  19 orcs
  A ball python (D:2)
  5 bats
  4 giant cockroaches
  7 goblins
  14 hobgoblins
  20 jackals
  4 quokkas
  16 frilled lizards
  9 kobolds
  A leopard gecko skeleton (D:5)
  A quokka skeleton (D:7)
  11 rats
236 creatures vanquished.

Vanquished Creatures (others)
  A human (D:3)
  3 centaurs
  A hound (D:11)
  A gnoll (D:7)
  An orc (D:6)
  3 fungi (D:5)
  6 toadstools (D:5)
16 creatures vanquished.

Grand Total: 252 creatures vanquished

Notes
Turn   | Place    | Note
-------+----------+-------------------------------------------
     0 | D:1      | vurker the Troll Hunter began the quest for the Orb.
     0 | D:1      | Reached XP level 1. HP: 19/19 MP: 0/0
   127 | D:1      | Reached skill level 1 in Unarmed Combat
   129 | D:1      | Reached XP level 2. HP: 28/28 MP: 1/1
   330 | D:1      | Reached XP level 3. HP: 35/35 MP: 2/2
   419 | D:1      | Reached skill level 2 in Unarmed Combat
  1134 | D:1      | Reached XP level 4. HP: 40/44 MP: 3/3
  1152 | D:2      | Reached skill level 3 in Unarmed Combat
  1307 | D:2      | Reached XP level 5. HP: 49/50 MP: 4/4
  2301 | D:3      | Found an ancient bone altar of Kikubaaqudgha.
  2302 | D:3      | Noticed a human
  2304 | D:3      | Killed a human
  2867 | D:4      | Noticed an ogre
  2873 | D:4      | Killed an ogre
  2873 | D:4      | Reached skill level 4 in Unarmed Combat
  2873 | D:4      | Reached XP level 6. HP: 42/61 MP: 5/5
  3075 | D:4      | Found a staircase to the Ecumenical Temple.
  3313 | Temple   | Entered the Ecumenical Temple
  3477 | D:5      | Entered Level 5 of the Dungeon
  4192 | D:5      | Noticed an ice beast
  4199 | D:5      | Reached skill level 5 in Unarmed Combat
  4199 | D:5      | Reached XP level 7. HP: 67/67 MP: 6/6
  4208 | D:5      | Reached skill level 5 in Throwing
  4386 | D:6      | Found Umnit Subb's Assorted Antiques.
  4389 | D:6      | Noticed Grinder
  4393 | D:6      | Killed Grinder
  4393 | D:6      | Reached skill level 6 in Unarmed Combat
  4474 | D:6      | Bought a scroll labeled PEHUSO XIHUXTU for 28 gold pieces
  4474 | D:6      | Bought a fizzy cyan potion for 25 gold pieces
  4474 | D:6      | Bought a scroll labeled WOEDOU POZEA for 28 gold pieces
  4474 | D:6      | Bought a runed robe for 103 gold pieces
  4549 | D:6      | Found Secot's Food Boutique.
  4555 | D:6      | Found Jise's Antique Armour Shoppe.
  4563 | D:6      | Noticed Eustachio
  4574 | D:6      | Reached XP level 8. HP: 70/78 MP: 7/7
  4600 | D:6      | Killed Eustachio
  4600 | D:6      | Reached skill level 7 in Unarmed Combat
  4766 | D:6      | Noticed Blork the orc
  4880 | D:6      | Killed Blork the orc
  4888 | D:6      | Noticed Pikel
  4944 | D:6      | Killed Pikel
  4944 | D:6      | Reached skill level 5 in Fighting
  4944 | D:6      | Reached skill level 8 in Unarmed Combat
  4944 | D:6      | Reached XP level 9. HP: 61/88 MP: 8/8
  4997 | D:6      | Found Isunease's Book Boutique.
  5065 | D:6      | Found Reutagh's Assorted Antiques.
  5071 | D:6      | Bought a ruby potion for 19 gold pieces
  5071 | D:6      | Bought an encrusted fluorescent wand for 88 gold pieces
  5071 | D:6      | Bought a wand of enslavement (11) for 44 gold pieces
  5071 | D:6      | Bought a white potion for 19 gold pieces
  5329 | D:7      | Noticed Duvessa
  5332 | D:7      | Noticed Dowan
  5357 | D:7      | Killed Duvessa
  5360 | D:7      | Killed Dowan
  5365 | D:7      | Noticed Harold
  5379 | D:7      | Killed Harold
  5379 | D:7      | Reached skill level 9 in Unarmed Combat
  5705 | D:7      | Found a white marble altar of Elyvilon.
  5753 | D:7      | Noticed Prince Ribbit
  5782 | D:7      | Killed Prince Ribbit
  5782 | D:7      | Reached skill level 1 in Evocations
  5881 | D:7      | Reached skill level 10 in Unarmed Combat
  6012 | D:7      | Reached XP level 10. HP: 85/98 MP: 9/9
  6126 | D:7      | Found a basalt altar of Yredelemnul.
  6126 | D:7      | Found a faded altar of an unknown god.
  6136 | D:7      | Found an ornate altar of the Wu Jian Council.
  6138 | D:7      | Found a hazy altar of Hepliaklqana.
  6139 | D:7      | Found a faded altar of an unknown god.
  6364 | D:8      | Noticed a two-headed ogre
  6382 | D:8      | Killed a two-headed ogre
  6526 | D:8      | Gained mutation: You have supernaturally acute eyesight.
                  | (SInv) [potion of mutation]
  6526 | D:8      | Gained mutation: You are clumsy. (Dex -2) [potion of
                  | mutation]
  6526 | D:8      | Gained mutation: Your spells are a little harder to cast,
                  | but a little more powerful. [potion of mutation]
  6527 | D:8      | Lost mutation: Your spells are a little harder to cast, but
                  | a little more powerful. [potion of mutation]
  6527 | D:8      | Lost mutation: You are clumsy. (Dex -2) [potion of
                  | mutation]
  6527 | D:8      | Lost mutation: You have supernaturally acute eyesight.
                  | (SInv) [potion of mutation]
  6527 | D:8      | Gained mutation: You are clumsy. (Dex -2) [potion of
                  | mutation]
  6527 | D:8      | Gained mutation: You expend magic power (3 MP) to
                  | strengthen your wands. [potion of mutation]
  6527 | D:8      | Gained mutation: You are somewhat resistant to further
                  | mutation. [potion of mutation]
  6645 | D:8      | Found a sacrificial altar of Ru.
  6885 | D:8      | Found a white marble altar of Elyvilon.
  6894 | D:8      | Found a hide-covered altar of Uskayaw.
  6951 | D:8      | Noticed Grum
  6962 | D:8      | Killed Grum
  7109 | D:8      | Reached skill level 1 in Shields
  7776 | D:9      | Found a white marble altar of Elyvilon.
  7776 | D:9      | Noticed an angel
  7777 | D:9      | Found a runed translucent door.
  8144 | D:9      | Noticed Maurice
  8149 | D:9      | Reached skill level 11 in Unarmed Combat
  8163 | D:9      | Killed Maurice
  8457 | D:10     | Entered Level 10 of the Dungeon
  8457 | D:10     | Found Kaitabb's Armour Boutique.
  8467 | D:10     | Got a crude falchion
  8468 | D:10     | Identified the +8 falchion of the Living Dead {vamp, rElec
                  | Int+2} (You found it on level 10 of the Dungeon)
  9171 | D:11     | Noticed a manticore
  9173 | D:11     | Noticed a two-headed ogre
  9185 | D:11     | Noticed a two-headed ogre
  9191 | D:11     | Killed a two-headed ogre
  9191 | D:11     | Reached XP level 11. HP: 32/109 MP: 5/12
  9359 | D:11     | Found a staircase to the Lair.
  9415 | D:11     | Slain by a wyvern

Levels and vault maps discovered:
D:1:      erik_arrival_triangle_small, layout_basic, minmay_lizard_king
D:2:      layout_loops_ring, first_ration, kennysheep_generic_room_7
D:3:      layout_basic, tgw_kikubaaqudgha
D:4:      layout_basic, minmay_temple_entry_poolview, kennysheep_generic_room_16
D:5:      layout_gridville, minmay_gold_behind_fungi
D:6:      layout_rooms, serial_shops, nicolae_shop_trees,
          nicolae_shop_waterfront, nicolae_shop_trees, shop,
          nicolae_shop_waterfront, kennysheep_generic_room_3, uniq_grinder,
          uniq_eustachio, uniq_pikel, uniq_blork_the_orc
D:7:      layout_cave_pools, chequers_temple_overflow_minitemple, the_bakery,
          elyvilon_altar_5, uniq_duvessa, uniq_prince_ribbit1, uniq_harold
D:8:      layout_basic, nicolae_ru_great_annihilating_truth,
          amethyst_overflow_temple_binary, uniq_grum
D:9:      layout_loops_corners, lemuel_angel_altar, uniq_maurice
D:10:     layout_stronghold, serial_shops, nicolae_shop_window_shopping,
          st_stairs_6
D:11:     layout_roguey, lair_entry_dummy, minmay_circle_x
Temple:   regret_index_temple_sphere_string

Skill      XL: |  1  2  3  4  5  6  7  8  9 10 |
---------------+-------------------------------+-----
Unarmed Combat | 1 2 3 4 5 6 8 10 11 | 11.5
Fighting       | 2 3 4 5 6 7 |  7.1
Throwing       | 4 5 6 7 8 |  8.5
Evocations     | 1 3 |  3.3
Shields        | 2 |  2.8
Dodging        | |  1.5
Stealth        | |  0.3

Action                   |  1- 3 |  4- 6 |  7- 9 | 10-12 || total
-------------------------+-------+-------+-------+-------++-------
Melee: Unarmed           |   141 |   157 |   156 |   205 ||   659
       Punch             |     1 |     3 |     9 |     1 ||    14
Throw: Large rock        |     3 |     3 |    23 |    25 ||    54
       Throwing net      |       |       |     2 |     6 ||     8
       Javelin           |       |       |       |     2 ||     2
Evoke: Wand              |       |       |     5 |     6 ||    11
  Use: Scroll            |       |    11 |     3 |     8 ||    22
       Potion            |       |     1 |       |     4 ||     5
 Stab: Sleeping          |     8 |    11 |       |       ||    19
       Held in net/web   |       |       |       |     2 ||     2
       Paralysed         |       |       |       |     1 ||     1
  Eat: Chunk             |    16 |    28 |    14 |    34 ||    92
Armor: Robe              |    61 |    48 |    55 |    63 ||   227
Dodge: Dodged            |    84 |    74 |    59 |    66 ||   283
Block: Other             |     5 |    14 |    14 |     4 ||    37
       Reflection        |     1 |       |     6 |    12 ||    19
       Shield            |       |       |       |    83 ||    83

Table legend:
 A = Non-vault XP
 B = Vault XP
 C = Vault XP percentage of total XP
 D = Non-vault monster count
 E = Vault monster count
 F = Vault count percentage of total count
                 A         B        C        D         E       F
            +---------+---------+-------+---------+---------+-------
      Total |    8627 |    4680 |  35.2 |     203 |      35 |  14.7
            +---------+---------+-------+---------+---------+-------
        D:1 |     101 |      11 |   9.8 |      36 |       9 |  20.0
        D:2 |      93 |       3 |   3.1 |      19 |       2 |   9.5
        D:3 |      30 |       0 |   0.0 |      17 |       0 |   0.0
        D:4 |     166 |      46 |  21.7 |       7 |       2 |  22.2
        D:5 |     489 |       0 |   0.0 |      18 |       0 |   0.0
        D:6 |     668 |    1470 |  68.8 |      20 |       5 |  20.0
        D:7 |    1309 |    1437 |  52.3 |      19 |       4 |  17.4
        D:8 |    1508 |     598 |  28.4 |      15 |       8 |  34.8
        D:9 |    1489 |     496 |  25.0 |      29 |       1 |   3.3
       D:10 |     602 |       3 |   0.5 |      12 |       1 |   7.7
       D:11 |    2172 |     616 |  22.1 |      11 |       3 |  21.4
            +---------+---------+-------+---------+---------+-------
